 Dungeon Crawl Stone Soup version 0.29-a0-520-gc852659d43 (webtiles) character file.

Game seed: 5340857006491425754

422 KateP the Chopper (level 6, -2/56 HPs)
             Began as a Minotaur Fighter on May 31, 2022.
             Slain by a centaur (3 damage)
             ... on level 4 of the Dungeon.
             The game lasted 00:03:42 (2250 turns).

KateP the Chopper (Minotaur Fighter)                Turns: 2250, Time: 00:03:43

Health: -2/56      AC:  7    Str: 22    XL:     6   Next: 63%
Magic:  5/5        EV:  8    Int:  5    God:
Gold:   151        SH:  8    Dex: 10    Spells: 5/5 levels left

rFire   . . .      SeeInvis .   a - +0 war axe
rCold   . . .      Faith    .   s - +0 kite shield
rNeg    . . .      Spirit   .   b - +0 scale mail
rPois   .          Reflect  .   (helmet restricted)
rElec   .          Harm     .   (no cloak)
rCorr   .          Rampage  .   (no gloves)
Will    .....                   (no boots)
Stlth   ..........              (no amulet)
HPRegen 0.18/turn               (no ring)
MPRegen 0.09/turn               (no ring)

@: attractive
A: horns 2, retaliatory headbutt
a: no special abilities


You were on level 4 of the Dungeon.
You visited 1 branch of the dungeon, and saw 4 of its levels.

You collected 151 gold pieces.

Inventory:

Hand Weapons
 a - a +0 war axe (weapon)
Armour
 b - a +0 scale mail (worn)
 s - a +0 kite shield (worn)
Jewellery
 h - a ring of flight
 w - a ring of see invisible
Scrolls
 d - a scroll of fear {unknown}
 e - 4 scrolls of identify {unknown}
 f - 3 scrolls of teleportation {unknown}
 j - 3 scrolls of immolation {unknown}
 k - a scroll of fog {unknown}
 m - a scroll of poison {unknown}
 n - a scroll of vulnerability {unknown}
 p - a scroll of enchant armour {unknown}
 v - a scroll of magic mapping {unknown}
Potions
 c - a potion of attraction
 g - a potion of lignification {unknown}
 i - a potion of cancellation {unknown}
 l - 2 potions of flight {unknown}
 o - a potion of heal wounds {unknown}
 q - a potion of experience {unknown}
 r - 2 potions of degeneration {unknown}
 t - a potion of berserk rage {unknown}
 u - a potion of curing {unknown}
 x - a potion of might


   Skills:
 + Level 5.3 Fighting
 * Level 5.9 Axes
 + Level 5.2 Armour
 + Level 4.7 Shields


You had 5 spell levels left.
You didn't know any spells.
Your spell library contained the following spells:

 Spells                   Type           Power      Damage    Failure   Level
 Portal Projectile        Hex/Tloc       0%         N/A       100%        3
 Tukima's Dance           Hex            0%         N/A       100%        3
 Blade Hands              Tmut           0%         N/A       100%        5


Dungeon Overview and Level Annotations

Branches:
Dungeon (4/15)
 Temple: D:4-7

Altars:

Annotations:
D:3 1 runed translucent door
D:4 Ijyb


Innate Abilities, Weirdness & Mutations

You have a pair of horns on your head.
You reflexively headbutt those who attack you in melee.


Message History

You block the adder's attack. The centaur barely misses you.
The centaur kicks you. The orc hits you with a +0 dagger.
The orc hits you from afar with a +0 trident!
The orc priest mumbles some strange prayers to Beogh against you.
Beogh smites you!
* * * LOW HITPOINT WARNING * * *
Ijyb barely misses you. You block the adder's attack.
You hit the orc priest.
The orc priest is heavily wounded.
You slash the centaur! You closely miss the adder.
You hit the orc but do no damage. You completely miss Ijyb.
The centaur hits you but does no damage.
The centaur kicks you but does no damage.
The adder barely misses you. The orc hits you but does no damage.
The orc hits you with a +0 dagger.
* * * LOW HITPOINT WARNING * * *
The orc priest invokes the aid of Beogh against you.
You barely resist. You block Ijyb's attack. The centaur completely misses you.
The centaur barely misses you. The adder bites you but does no damage.
The orc closely misses you. You block the orc's attack.
The orc priest hits you but does no damage.
Ijyb barely misses you.
You hit the orc priest but do no damage.
The orc priest is heavily wounded.
You hit the centaur but do no damage. You miss the adder.
You barely miss the orc. You hit Ijyb. The centaur closely misses you.
The centaur kicks you but does no damage.
The adder bites you but does no damage.
The centaur hits you but does no damage.
The centaur kicks you but does no damage.
The orc hits you from afar with a +0 trident.
* * * LOW HITPOINT WARNING * * *
The orc closely misses you. Ijyb hits you with a +0 club.
* * * LOW HITPOINT WARNING * * *
The adder barely misses you. You furiously retaliate!
You headbutt the adder! You hit the orc priest.
The orc priest is almost dead.
You hit the centaur. You miss the adder. You hit the orc.
You hit Ijyb but do no damage. The centaur hits you.
You die...

......##.##......
.................#
.................#
................##.
###......###........
..........#†........
...............#.###
..............## #
#$##g@o.....#
#..rocS......#
##.o[o......##
.............#
....<.........#
......##.#....#
..#### #####.... ..
....


You could see Ijyb, a centaur, an orc priest, an adder, 3 orcs and a quokka.

Vanquished Creatures
  Sigmund (D:3)
  The ghost of emergency the Twirler, an amateur GrGl (D:3)
  A hound (D:4)
  An iguana (D:4)
  6 adders
  A dart slug (D:4)
  2 orcs
  5 endoplasms
  3 giant cockroaches
  9 goblins
  6 hobgoblins
  6 jackals (D:1)
  6 quokkas
  8 ball pythons
  4 bats
  5 frilled lizards
  5 kobolds
  5 rats
75 creatures vanquished.

Vanquished Creatures (others)
  A demonic plant (D:1)
1 creature vanquished.

Grand Total: 76 creatures vanquished

Notes
Turn   | Place    | Note
-------+----------+-------------------------------------------
     0 | D:1      | KateP the Minotaur Fighter began the quest for the Orb.
     0 | D:1      | Reached XP level 1. HP: 19/19 MP: 0/0
   136 | D:1      | Reached XP level 2. HP: 27/27 MP: 1/1
   250 | D:1      | You fall into a shaft and drop 1 floor!
   297 | D:1      | Found a faded altar of an unknown god.
   320 | D:1      | Reached XP level 3. HP: 33/33 MP: 2/2
  1051 | D:2      | Reached XP level 4. HP: 40/40 MP: 3/3
  1303 | D:3      | Found a runed translucent door.
  1304 | D:3      | Noticed emergency's ghost (amateur GrGl)
  1343 | D:3      | Killed emergency's ghost
  1344 | D:3      | Reached XP level 5. HP: 9/47 MP: 4/4
  1612 | D:3      | Found a runed translucent door.
  1781 | D:3      | Noticed Sigmund
  1790 | D:3      | Killed Sigmund
  1791 | D:3      | Reached skill level 5 in Fighting
  1791 | D:3      | Reached skill level 5 in Axes
  1791 | D:3      | Reached skill level 5 in Armour
  1791 | D:3      | Reached XP level 6. HP: 47/56 MP: 5/5
  2236 | D:4      | Noticed Ijyb
  2249 | D:4      | HP: 1/56 [Ijyb/+0 club (5)]
  2250 | D:4      | Slain by a centaur

Illustrated notes

Levels and vault maps discovered:
D:1:      lightli_arrival_statuegarden, layout_basic,
          dreamdust_ecumenical_altar_sealed_demon
D:2:      minmay_chambers_of_ones, layout_rooms, minmay_quadrilaterals
D:3:      minmay_door_path, layout_basic, ebering_ghost_sewer_f, uniq_sigmund
D:4:      layout_cave_pools, hangedman_glass_teeth, uniq_ijyb

Skill      XL: |  1  2  3  4  5 |
---------------+----------------+-----
Axes           | 3 4 5 |  5.9
Fighting       | 4 5 |  5.3
Armour         | 4 5 |  5.2
Shields        | 4 |  4.7

Action                   |  1- 3 |  4- 6 || total
-------------------------+-------+-------++-------
Melee: War axe           |    75 |    58 ||   133
       Headbutt          |    13 |    12 ||    25
  Use: Potion            |       |     2 ||     2
Armor: Scale mail        |    40 |    30 ||    70
Dodge: Dodged            |    44 |    46 ||    90
Block: Buckler           |    21 |     1 ||    22
       Kite shield       |       |    29 ||    29

Table legend: (Time is in decaauts)
 A = Elapsed time spent in this place.
 B = Non-inter-level travel time spent in this place.
 C = Inter-level travel time spent in this place.
 D = Time resting spent in this place.
 E = Time spent auto-exploring this place.
 F = Levels seen in this place.
 G = Mean time per level.
                   A        B        C        D        E       F      G
               +--------+--------+--------+--------+--------+-----+--------+
         Total |   2304 |   2304 |      0 |    263 |   1489 |   4 |  576.0 |
       Dungeon |   2304 |   2304 |      0 |    263 |   1489 |   4 |  576.0 |
               +--------+--------+--------+--------+--------+-----+--------+

Top non-repeatable levels by time:
     D:3: 954 daAuts
     D:1: 639 daAuts
     D:2: 553 daAuts
     D:4: 156 daAuts
